[Event "35th Staufer-Open-A 2025"]
[Site "Schwaebisch Gmuend"]
[Date "2025.01.05"]
[Round "7.2"]
[White "Lu, Miaoyi"]
[Black "Stork, Oliver"]
[Result "1/2-1/2"]
[ECO "B45"]
[WhiteElo "2429"]
[BlackElo "2396"]
[Annotator "TA"]
[PlyCount "88"]
[EventDate "2024.11.24"]
[EventType "swiss"]
[EventCountry "GER"]
[SourceTitle "playchess.com"]
[Source "ChessBase"]
[SourceQuality "1"]
[TimeControl "40/6000+30:1200+30"]

1. e4 c5 2. Nf3 e6 3. d4 cxd4 4. Nxd4 Nf6 5. Nc3 Nc6 6. Nxc6 bxc6 7. e5 Nd5 8. Ne4 Bb7 9. Bd3 c5 10. O-O Qc7 11. c4 Nb4 12. Bf4 Be7 13. Bb1 Nc6 14. Re1 {[%emt 0:27:52] White has more active pieces. The black rooks are passive.} (14. Nd6+ $14 Bxd6 15. exd6) 14... Nxe5 $11 15. Qh5 d6 $1 16. Nxd6+ Bxd6 17. Bxe5 Bxe5 18. Rxe5 (18. Qxe5 {simplifies} Qxe5 19. Rxe5 Rc8 20. Bc2) 18... g6 19. Qg5 (19. Rxc5 $2 Qd6 20. Bxg6 fxg6 $19) 19... Qd8 20. h4 Qxg5 21. hxg5 Rc8 22. Bc2 h6 23. gxh6 Rxh6 24. Rd1 Ke7 25. f3 Rh4 26. b3 Rhh8 27. Kf2 Kf6 28. Re2 Rcd8 {[%emt 0:00:14] Inhibits Rd7.} 29. Red2 Ke7 30. Rxd8 Rxd8 31. Rxd8 Kxd8 {[%emt 0:00:02][%mdl 4096] Endgame KB-KB} 32. Ke3 Ke7 33. a3 a5 34. b4 axb4 35. axb4 cxb4 36. Kd4 g5 37. Kc5 f5 38. Kb6 Bxf3 39. gxf3 g4 40. fxg4 fxg4 {[%emt 0:00:04] KB-K3P} 41. c5 g3 {[%emt 0:20:04] ( -> ...g2)} (41... b3 $5 42. Be4 $8 (42. Bxb3 $2 {perishes.} g3 $19) 42... g3 $11) 42. Be4 b3 {[%emt 0:00:04][%cal Bb4b3,Bb3b2][%mdl 32] ( -> ...b2)} 43. c6 {[%emt 0:00:05] Threatening mate with c7.} b2 $1 {[%emt 0:00:40][%cal Og3g2] ( -> ...g2!)} 44. c7 $1 g2 1/2-1/2

[Event "35th Staufer-Open-A 2025"]
[Site "Schwaebisch Gmuend"]
[Date "2025.01.05"]
[Round "7.3"]
[White "Herbrig, Alexander"]
[Black "Peng, Li Min"]
[Result "0-1"]
[ECO "A61"]
[WhiteElo "2325"]
[BlackElo "2518"]
[Annotator "TA"]
[PlyCount "66"]
[EventDate "2024.11.24"]
[EventType "swiss"]
[EventCountry "GER"]
[SourceTitle "playchess.com"]
[Source "ChessBase"]
[SourceQuality "1"]
[TimeControl "40/6000+30:1200+30"]

1. d4 Nf6 2. c4 e6 3. Nf3 c5 4. d5 d6 5. Nc3 exd5 6. cxd5 g6 7. Bf4 a6 8. a4 Bg7 9. h3 O-O 10. e3 Ne8 11. Be2 Nd7 12. O-O Ne5 13. Qb3 Nxf3+ 14. Bxf3 Rb8 15. Qc4 f5 16. Be2 Nc7 17. Qb3 g5 18. Bh2 b5 19. axb5 axb5 20. Ra7 (20. Nxb5 $2 f4 (20... Bd7 21. Bxd6 Bxb5 22. Bxc7 $17) 21. Ra5 Bd7 22. exf4 Nxb5 23. Rxb5 Bxb5 24. Bxb5 Qa5 (24... gxf4 $2 25. Qd3 $19) 25. fxg5 Rxb5 $19 (25... Qxb5 $2 26. Qxb5 Rxb5 27. Bxd6 $19)) 20... Kh8 (20... b4 {simplifies} 21. Na4 Ra8 22. Rxa8 Nxa8 23. Qc2 Qe7) 21. Rfa1 (21. Bxb5 $2 f4 22. Qc4 Nxb5 23. Nxb5 Qb6 $17 (23... Bxb2 24. exf4 Qb6 25. Qc2 $16)) 21... f4 22. Bg4 (22. Nxb5 $2 Bd7 23. R7a5 (23. Rxc7 $2 Qxc7 24. Nxc7 Rxb3 $19) 23... Nxb5 24. Bxb5 Qb6 25. exf4 Bxb5 $19 (25... gxf4 $2 26. Bxf4 Rxf4 27. Qe3 $19)) (22. Bf3 $11 {remains equal.}) 22... b4 23. Bxc8 {[%emt 0:10:13] [#]} (23. Ne4 $15) 23... c4 $1 $36 {[%emt 0:06:18][%mdl 2048] Keeping White busy.} (23... Rxc8 $6 24. Ne4 $15) 24. Qxc4 bxc3 25. Bb7 $2 (25. Qxc7 $2 Qxc7 26. Rxc7 cxb2 $19 (26... Rbxc8 $2 {too greedy.} 27. Rxc8 Rxc8 28. bxc3 $18)) (25. Bg4 $17 cxb2 26. Rb1) 25... cxb2 $19 26. Rb1 fxe3 27. fxe3 Qe7 28. Kh1 Ne8 29. Qb3 Rf7 30. Rxb2 Bxb2 31. Qxb2+ Kg8 32. Qb5 {[%emt 0:00:45] Inhibits Rf1+.} Qd7 (32... Rxb7 33. Rxb7 Qxb7 34. Qxe8+ Kg7 35. Bxd6 Qxd5 36. Bg3 $15) 33. Qc6 Re7 ({Weaker is} 33... Rxb7 34. Rxb7 Qxb7 35. Qxe8+ Kg7 36. Bxd6 Qxd5 37. Be5+ Kh6 38. Kg1 $15) 0-1

[Event "35th Staufer-Open-A 2025"]
[Site "Schwaebisch Gmuend"]
[Date "2025.01.05"]
[Round "7.4"]
[White "Noe, Christopher"]
[Black "Zeller, Frank"]
[Result "1-0"]
[ECO "E71"]
[WhiteElo "2509"]
[BlackElo "2325"]
[Annotator "TA"]
[PlyCount "79"]
[EventDate "2024.11.24"]
[EventType "swiss"]
[EventCountry "GER"]
[SourceTitle "playchess.com"]
[Source "ChessBase"]
[SourceQuality "1"]
[TimeControl "40/6000+30:1200+30"]

1. d4 Nf6 2. c4 g6 3. Nc3 Bg7 4. e4 d6 5. h3 O-O 6. Be3 Nc6 7. d5 Ne5 8. f4 Ned7 9. Bd3 e6 10. Nf3 exd5 11. cxd5 Re8 12. O-O c6 13. dxc6 $1 bxc6 14. Qd2 Qa5 15. Rfe1 Rb8 16. Rad1 Nh5 17. Nd4 Qc7 18. Be2 Nhf6 19. Bf3 Nb6 20. b3 {[%emt 0:05:55] Dodges Nc4} Bb7 21. Bf2 Rbd8 22. Bh4 a6 23. Nc2 c5 24. Ne3 Rd7 25. Nc4 ({White should play} 25. a4 $16) 25... Nxc4 $14 26. bxc4 Bc6 27. Nd5 Bxd5 $1 28. cxd5 c4 29. Rc1 Rdd8 30. Qb4 {[%emt 0:05:58] Active counter play!} (30. Qd4 Nxe4 31. Qxc4 Qxc4 32. Rxc4 Bf6 33. Bxf6 Nxf6 34. Rxe8+ Nxe8) 30... Rc8 31. e5 $36 {[%emt 0:00:11][%mdl 2048] White has the initiative.} Nd7 (31... dxe5 $2 32. d6 Qc5+ (32... Qa7+ $2 33. Bf2 $18) 33. Qxc5 Rxc5 34. Bf2 $18) 32. exd6 Qa7+ (32... Rxe1+ 33. Bxe1 (33. Rxe1 Bf8 $14) 33... Qa7+ 34. Kf1 c3 (34... Qd4 $2 35. Qb7 $18)) 33. Bf2 {[%emt 0:03:31] A strong pair of Bishops.} (33. Kh1 $142 {And now Rxe8+ would win.} Rxe1+ 34. Qxe1) 33... Bd4 $16 34. Rxe8+ Rxe8 35. Qd2 $1 Bc5 36. g3 (36. Rxc4 Bxf2+ 37. Kh2 Bg1+ 38. Kh1 Bc5 $19) 36... Re3 37. Kg2 Rd3 38. Qe2 Be3 $2 (38... Bxf2 39. Qxf2 (39. Rxc4 Bg1 $15) 39... Qb8) 39. Rxc4 $18 Rd2 40. Qxd2 1-0

[Event "35th Staufer-Open-A 2025"]
[Site "Schwaebisch Gmuend"]
[Date "2025.01.05"]
[Round "7.5"]
[White "Korneev, Oleg"]
[Black "Hasenohr, Benedict"]
[Result "1-0"]
[ECO "C13"]
[WhiteElo "2486"]
[BlackElo "2289"]
[Annotator "TA"]
[PlyCount "99"]
[EventDate "2024.11.24"]
[EventType "swiss"]
[EventCountry "GER"]
[SourceTitle "playchess.com"]
[Source "ChessBase"]
[SourceQuality "1"]
[TimeControl "40/6000+30:1200+30"]

1. e4 e6 2. d4 d5 3. Nc3 Nf6 4. Bg5 dxe4 5. Nxe4 Be7 6. Bxf6 gxf6 7. Nf3 f5 8. Nc3 a6 9. Qe2 b5 10. O-O-O {[%emt 0:00:06] Threatening Ne5.} b4 11. Na4 Qd5 12. b3 Nd7 13. Qe3 Bb7 14. Bc4 Qe4 {[%emt 0:01:12] [#]} 15. d5 $1 Qxe3+ (15... Bxd5 $6 16. Bxd5 Qxe3+ 17. fxe3 $18) 16. fxe3 e5 17. Rhf1 Bc8 18. g3 Rb8 19. Rf2 Rg8 20. Bf1 Bd6 21. Nh4 Nf6 (21... f4 $14) 22. Bh3 $16 Rb5 23. Bxf5 Bxf5 24. Nxf5 ({Reject} 24. Rxf5 Nxd5 25. e4 Ne3 26. Rxd6 Nxf5 (26... cxd6 27. Rf3 $15) 27. Rxa6 Ne7 $11) 24... Rg6 25. c4 {[%emt 0:06:05] White is more active.} (25. Nxd6+ $16 cxd6 26. Rdf1 (26. c4 bxc3 27. Nxc3 Rc5 $14) 26... Nxd5 27. Rxf7 Nxe3 28. Rf8+ Ke7 29. R1f7+ Ke6 30. Kd2 (30. Rxh7 Rd5 $14)) 25... bxc3 $14 26. Nxc3 Ba3+ $1 27. Kb1 $1 Rc5 28. Rc2 $36 {[%emt 0:00:40][%mdl 2048] White has good play.} Bb4 29. Na4 {[%emt 0:07:31] Excellent horsemanship.} Rxc2 30. Kxc2 Rg5 {[%emt 0:00:05] [#]} 31. d6 $1 Kd7 (31... Rxf5 $2 32. dxc7 Rf2+ 33. Kb1 $18) (31... cxd6 32. Nxd6+) 32. dxc7+ Kxc7 {[%emt 0:00:03] [#]} 33. Rf1 $1 Ng4 {[%emt 0:00:55] [#] Repels Nh6} (33... Kd7 $142) 34. e4 $1 $16 Rh5 (34... Rg6 $16 35. h3 Nf6) 35. h4 $18 Rxf5 36. Rxf5 {[%emt 0:00:02][%mdl 4096] Endgame KRN-KBN} Ne3+ 37. Kd3 Nxf5 38. exf5 {[%emt 0:00:02] KB-KN. White is a pawn up.} Be1 39. g4 Bxh4 40. Nc5 $2 (40. Ke4 $18) 40... Be7 $1 $11 41. Ne4 (41. Nxa6+ $2 {too greedy.} Kb7 42. Ke4 (42. f6 $2 Bd6 $19) 42... f6 $19 (42... Kxa6 $2 43. Kxe5 Ka5 44. Kd5 $19)) 41... Kc6 42. Kc4 {[%emt 0:00:00] Black must now prevent b4.} h6 $2 (42... a5 $1 $14) 43. b4 $18 f6 $2 (43... Bf8 44. f6 Kb6) 44. a4 Bd8 45. Nc5 a5 46. b5+ Kd6 47. Ne4+ Kd7 48. Kd5 Be7 49. b6 Kc8 50. Kc6 1-0

[Event "35th Staufer-Open-A 2025"]
[Site "Schwaebisch Gmuend"]
[Date "2025.01.05"]
[Round "7.6"]
[White "Gschnitzer, Adrian"]
[Black "Hasanov, Zaur"]
[Result "1-0"]
[ECO "D76"]
[WhiteElo "2442"]
[BlackElo "2231"]
[Annotator "TA"]
[PlyCount "103"]
[EventDate "2024.11.24"]
[EventType "swiss"]
[EventCountry "GER"]
[SourceTitle "playchess.com"]
[Source "ChessBase"]
[SourceQuality "1"]
[TimeControl "40/6000+30:1200+30"]

1. d4 Nf6 2. c4 g6 3. Nf3 Bg7 4. g3 O-O 5. Bg2 d5 6. cxd5 Nxd5 7. O-O Nb6 8. Nc3 Nc6 9. e3 a5 10. Qe2 e5 11. Nxe5 Nxe5 12. dxe5 Bxe5 13. f4 Bg7 14. e4 Be6 15. Rd1 Qc8 16. Be3 Rd8 (16... Bg4 $11 17. Bf3 Bxf3 18. Qxf3 Bxc3 19. bxc3 Qe6) 17. e5 Rxd1+ 18. Rxd1 a4 19. Qb5 (19. Bf3 $16) 19... Bf8 $14 {[%emt 0:17:40] and ...Bc4 should not be overlooked} 20. Bc5 (20. Bf1 $14) 20... Bd7 {[%emt 0:03:02] Black is weak on the dark squares} (20... Nc4 $1 $11 {keeps the balance.} 21. Bxf8 (21. Nxa4 $2 c6 $19) 21... Qxf8) 21. Qb4 $16 {[%emt 0:01:08] White has more active pieces.} Bc6 22. Bxc6 (22. Ne4 {keeps more tension.} Bxc5+ 23. Qxc5 Qe6 24. Ng5) 22... bxc6 23. Bxf8 Qxf8 24. Qxf8+ Kxf8 {[%emt 0:00:07][%mdl 4096] Endgame KRN-KRN} 25. Ne4 Nd5 26. a3 $1 Rb8 27. Rd2 Rb5 28. Kf2 h5 {[%emt 0:01:01] [#]} 29. Rc2 $1 Ke7 30. Nc5 (30. Rxc6 Rxb2+ 31. Kg1 Rb3 $11) 30... Nb6 31. Ke2 h4 32. gxh4 Ra5 33. Kf3 Ra8 34. Ne4 Nd5 35. Rxc6 Rb8 36. Nc3 Rb3 37. Rc5 Nxc3 38. Rxc7+ (38. Rxc3 Rxb2 39. Rxc7+ Ke6 $16) (38. bxc3 $6 Rxa3 39. Rxc7+ Ke6 $16) 38... Kd8 39. Rxc3 Rxb2 $18 {[%emt 0:00:18] KR-KR. White is two pawns up.} 40. h3 Rb3 {[%emt 0:03:09] [#]} 41. Re3 $1 Ke7 42. Ke4 {[%emt 0:00:24] Hoping for Rxb3.} Rb8 {[%emt 0:02:16] [#]} 43. h5 $1 gxh5 (43... f5+ 44. exf6+) 44. f5 $2 (44. Rc3 $18) 44... Rb1 $2 ({Better is} 44... f6 $1 $14) 45. Rd3 $2 (45. Kf4 $18 {is the precise move to win.}) 45... f6 $16 46. exf6+ Kxf6 47. Rd6+ Kg5 $2 (47... Kg7 $16) 48. Rg6+ $18 Kh4 49. f6 {[%emt 0:00:00][%cal Bf5f6,Bf6f7][%mdl 32] Threatening mate with Kf5.} Kxh3 50. Rg5 (50. Kf5 $142 Rb7 51. Rg5 Rb8 52. Rxh5+ Kg3 53. f7 Kf3 54. Kg6 Ke4 55. Kg7) 50... Rb8 51. f7 (51. Rxh5+ Kg4 52. Ra5 Rf8 $14) 51... Rf8 52. Rxh5+ 1-0

[Event "35th Staufer-Open-A 2025"]
[Site "Schwaebisch Gmuend"]
[Date "2025.01.05"]
[Round "7.7"]
[White "Dolzhykova, Kateryna"]
[Black "Dgebuadze, Alexandre"]
[Result "1/2-1/2"]
[ECO "B31"]
[WhiteElo "2299"]
[BlackElo "2414"]
[Annotator "TA"]
[PlyCount "79"]
[EventDate "2024.11.24"]
[EventType "swiss"]
[EventCountry "GER"]
[SourceTitle "playchess.com"]
[Source "ChessBase"]
[SourceQuality "1"]
[TimeControl "40/6000+30:1200+30"]

1. e4 c5 2. Nf3 Nc6 3. Bb5 g6 4. O-O Bg7 5. Re1 Qb6 6. Bxc6 bxc6 7. Nc3 e5 8. d3 (8. Na4 $14 Qc7 9. Nxc5) 8... Ne7 9. Rb1 d6 10. Be3 Qd8 11. Qc1 O-O 12. Bh6 f6 13. Bxg7 Kxg7 14. Nd2 Rb8 15. b3 g5 16. Nf1 Ng6 17. Ng3 Rb7 18. Nd1 f5 19. exf5 Bxf5 20. Nxf5+ Rxf5 21. c3 Rbf7 22. b4 g4 23. Qe3 (23. bxc5 $11 Qh4 24. Qe3 (24. cxd6 Rh5 $11)) 23... cxb4 $15 24. Rxb4 Nf4 25. Qg3 (25. Re4 $11 {is superior.}) 25... h5 $17 26. h4 Qa5 (26... Ng6 $17 27. d4 a6 (27... Nxh4 28. dxe5 dxe5 29. f3 $17) (27... Qxh4 28. Qxh4 Nxh4 29. Rc4 $15)) 27. Rb2 (27. f3 $1 $11) 27... Nd5 (27... Kh7 $15) 28. Rc2 (28. Ne3 $11 Nxe3 29. Qxe3) 28... Qa4 (28... R5f6 $15) 29. Rb2 (29. Rd2 $11 {keeps the balance.}) 29... Rf4 30. Rd2 Qa5 31. Rc2 Qc5 ({Better is} 31... R4f6 $17) 32. Ne3 $11 Nxe3 (32... Nxc3 $2 {is the wrong capture.} 33. Nd1 $18 (33. Rec1 $2 Ne2+ 34. Rxe2 Qxc1+ $19)) 33. fxe3 {[%emt 0:01:58] aiming for d4.} R4f5 34. Rb1 Qa5 35. Kh2 Rf1 36. Rxf1 Rxf1 37. Rf2 Rxf2 38. Qxf2 Qc5 ({Of course not} 38... Qxc3 39. Qf5 $14) 39. Qf5 Qxe3 40. Qd7+ 1/2-1/2

[Event "35th Staufer-Open-A 2025"]
[Site "Schwaebisch Gmuend"]
[Date "2025.01.05"]
[Round "7.8"]
[White "Toktomushev, Teimur"]
[Black "Meissner, Felix"]
[Result "1-0"]
[ECO "D38"]
[WhiteElo "2262"]
[BlackElo "2372"]
[Annotator "TA"]
[PlyCount "51"]
[EventDate "2024.11.24"]
[EventType "swiss"]
[EventCountry "GER"]
[SourceTitle "playchess.com"]
[Source "ChessBase"]
[SourceQuality "1"]
[TimeControl "40/6000+30:1200+30"]

1. d4 Nf6 2. c4 e6 3. Nf3 d5 4. Nc3 Bb4 5. Bg5 h6 6. Bxf6 Qxf6 7. Qa4+ Nc6 8. e3 O-O 9. cxd5 exd5 10. Bd3 Bf5 11. Bxf5 Qxf5 12. O-O Bd6 {[%emt 0:16:03] Inhibits Ne5.} 13. Rfe1 a6 14. Qb3 Rfd8 15. a3 (15. Qxd5 $2 Bxh2+ 16. Nxh2 Rxd5 $19) (15. Qxb7 Nb4 16. a3 Rab8 $17) (15. Nxd5 $2 Na5 16. Qc3 Qxd5 $19) 15... Ne7 16. e4 (16. Qxb7 $2 Rdb8 17. e4 Qd7 $19 (17... Rxb7 18. exf5 Rxb2 19. g4 $17)) 16... dxe4 17. Rxe4 b5 18. Rae1 Ng6 19. Qc2 Qd7 {[%emt 0:03:30] Prevents Re8+.} 20. g3 c5 21. h4 (21. Nd5 $11 Qc6 22. dxc5) 21... cxd4 (21... Qh3 $15) 22. Rxd4 $11 Qh3 {[%emt 0:03:45] [#]} (22... Qc7 $11 {keeps the balance.}) 23. Qd1 {[%emt 0:02:13] White is more active.} (23. Qd3 $1 $16 Be7 24. h5 Qxh5 25. Nd5) 23... Bc7 $2 (23... Be7 $1 $11) 24. Nd5 $18 Bxg3 $2 (24... Rxd5 25. Rxd5 Rf8) 25. Ne7+ {[%emt 0:00:14] Excellent horsemanship.} ({Less strong is} 25. fxg3 Qxg3+ 26. Kh1 Kh8 $16) 25... Kh7 26. Ng5+ (26. Rxd8 $2 {is the wrong capture.} Nf4 $19) 1-0

[Event "35th Staufer-Open-A 2025"]
[Site "Schwaebisch Gmuend"]
[Date "2025.01.05"]
[Round "7.9"]
[White "Kolb, Tobias"]
[Black "Herrmann, Jakob"]
[Result "1-0"]
[ECO "D31"]
[WhiteElo "2342"]
[BlackElo "2234"]
[Annotator "TA"]
[PlyCount "67"]
[EventDate "2024.11.24"]
[EventType "swiss"]
[EventCountry "GER"]
[SourceTitle "playchess.com"]
[Source "ChessBase"]
[SourceQuality "1"]
[TimeControl "40/6000+30:1200+30"]

1. d4 d5 2. c4 e6 3. Nc3 c6 4. e4 dxe4 5. Nxe4 Bb4+ 6. Nc3 c5 7. a3 Bxc3+ 8. bxc3 Nf6 9. Nf3 Qa5 10. Bd2 Ne4 11. Bd3 Nxd2 12. Qxd2 O-O 13. h4 cxd4 14. cxd4 Nc6 15. Be4 Bd7 16. Rb1 Rab8 17. h5 h6 (17... Rfd8 18. c5 b6 19. cxb6 Rxb6 20. Rxb6 axb6 21. h6 Be8) 18. Bxc6 (18. Ne5 {looks sharper.} Qc7 19. Bxc6 Bxc6 20. O-O) 18... Qxd2+ 19. Kxd2 Bxc6 20. Ke3 Rfc8 {[%emt 0:08:52] Threatens to win with ...Bxf3.} 21. Rhc1 b5 22. Ne5 Be8 23. cxb5 Rxc1 24. Rxc1 Rxb5 $11 {[%emt 0:00:06][%mdl 4096] Endgame KRB-KRN} 25. Rc8 Kf8 $1 26. Nc4 Rb3+ (26... Rxh5 $6 27. Nd6 Ke7 28. Nxe8 $16) (26... Rd5 $1 $11 {keeps the balance.}) 27. Kd2 $16 {[%emt 0:00:44] Black must now prevent Kc2.} Ke7 28. Rc7+ Kf6 (28... Kf8 $16) 29. Nd6 $18 ({Don't play} 29. Rxa7 Kg5 $16) 29... Rb8 30. Rxa7 Kg5 (30... g6 {was called for.} 31. hxg6 Kxg6) 31. Nxe8 Rxe8 32. Rxf7 Ra8 $2 (32... g6 33. hxg6 Kxg6) 33. Rxg7+ Kxh5 34. Rg3 1-0

[Event "35th Staufer-Open-A 2025"]
[Site "Schwaebisch Gmuend"]
[Date "2025.01.05"]
[Round "7.10"]
[White "Ohler, Julius"]
[Black "Langheinrich, Ferenc"]
[Result "0-1"]
[ECO "A38"]
[WhiteElo "2235"]
[BlackElo "2338"]
[Annotator "TA"]
[PlyCount "86"]
[EventDate "2024.11.24"]
[EventType "swiss"]
[EventCountry "GER"]
[SourceTitle "playchess.com"]
[Source "ChessBase"]
[SourceQuality "1"]
[TimeControl "40/6000+30:1200+30"]

1. c4 Nf6 2. Nc3 d6 3. g3 g6 4. Bg2 Bg7 5. d3 c5 6. Nf3 Nc6 7. a3 a5 8. O-O O-O 9. Bd2 e6 10. Qc1 Ne8 11. Bg5 Qd7 12. Rd1 Nc7 13. Bh6 e5 14. Bxg7 Kxg7 15. e3 f5 16. Nd5 Nxd5 17. cxd5 Ne7 18. Ng5 Qd8 19. f4 h6 20. Nh3 exf4 $1 21. Qc3+ Kh7 22. Nxf4 g5 23. Ne2 ({White should play} 23. Nh5 $14 Rf7 24. d4) 23... Ng6 $11 24. d4 b6 25. dxc5 bxc5 26. b4 $1 Ba6 $36 {[%emt 0:00:12][%mdl 2048] White is under pressure.} 27. Nc1 axb4 28. axb4 cxb4 29. Qxb4 {[%emt 0:00:16][%cal Oa1a6] Threatens to win with Rxa6!.} Qe7 30. Re1 Ne5 31. Qd4 Bc4 {[%emt 0:05:33] Against Nb3} 32. Rxa8 Rxa8 33. Ne2 $2 (33. Qb2 $17) 33... Qb7 $19 34. h3 $2 (34. Nc3 {was called for.}) 34... Bxe2 35. Rxe2 Qb1+ 36. Kh2 Ra1 37. e4 f4 38. gxf4 gxf4 {[%emt 0:00:07] And now ...f3 would win.} 39. Rb2 {[%emt 0:00:22] White is weak on the dark squares} Qe1 40. Qf2 f3 {[%emt 0:00:35] Prevents Re2.} 41. Bf1 (41. Qxe1 $142 Rxe1 42. Rb7+ Kg6 43. Bxf3 Nxf3+ 44. Kg3) 41... Qxf1 42. Rb7+ {[%emt 0:00:05] [#]} Kg6 $1 43. Qg3+ Kh5 0-1

[Event "35th Staufer-Open-A 2025"]
[Site "Schwaebisch Gmuend"]
[Date "2025.01.05"]
[Round "7.11"]
[White "Velicka, Petr"]
[Black "Czaeczine, Anne"]
[Result "1/2-1/2"]
[ECO "B51"]
[WhiteElo "2332"]
[BlackElo "2173"]
[Annotator "TA"]
[PlyCount "129"]
[EventDate "2024.11.24"]
[EventType "swiss"]
[EventCountry "GER"]
[SourceTitle "playchess.com"]
[Source "ChessBase"]
[SourceQuality "1"]
[TimeControl "40/6000+30:1200+30"]

1. e4 c5 2. Nf3 d6 3. Bb5+ Nd7 4. Ba4 Ngf6 5. O-O a6 {[%emt 0:02:07][%cal Ob7b5] And now ...b5! would win.} 6. c4 e5 7. Nc3 Rb8 8. d3 Be7 9. a3 O-O 10. h3 Nb6 11. Bc2 Na8 12. b4 b6 13. Rb1 {[%emt 0:02:38] and bxc5 should not be overlooked} Bd7 14. Nd5 Nxd5 15. exd5 f5 16. bxc5 bxc5 17. Rxb8 Qxb8 18. Ba4 Bc8 19. Bc6 f4 20. Nd2 Nc7 21. f3 Bf5 22. Ne4 Bxe4 (22... Qb1 $11) 23. dxe4 $14 Qb6 24. Ba4 (24. Rf2 $1 $14 Qa7 25. Rb2) 24... Rb8 $11 25. Qc2 Ne8 (25... Nb5 $5) 26. Kf2 {[%emt 0:03:15][%cal Bg1f2,Bf2e2,Be2d3][%mdl 32] Black is weak on the light squares} Kf7 27. Ke2 g5 28. Kd3 h5 29. Bd2 Bd8 30. Bc3 Nf6 31. Qe2 h4 32. Bc2 Nh5 33. Rb1 Qa7 34. Qd1 Ng3 35. Ba4 Rxb1 36. Qxb1 Qb6 37. Qc1 (37. Qxb6 {simplifies} Bxb6 38. Bb3 Nf1 39. Ke2) 37... Qb8 38. Kd2 (38. Qb2 Qc7 39. Qb3 Qa7 40. Kd2) 38... Bc7 39. Ke1 Qd8 40. Qd2 Qb8 41. Bc2 Qb6 42. Qd1 Ke7 43. Bd3 Bd8 44. Kf2 Bc7 45. Bc2 Bd8 46. Ba4 Bc7 47. Bc6 Bd8 48. Qc2 Bc7 49. Qb2 Qxb2+ (49... Nh1+ {seems wilder.} 50. Ke2 Ng3+ 51. Kd3 Nf1) 50. Bxb2 {[%emt 0:00:06][%mdl 4096] Endgame KBB-KBN} Kd8 (50... Ba5 $11) 51. Bb7 (51. Bc3 $1 $14) 51... a5 (51... Ba5 $11) 52. Ke1 Bb6 53. Bc1 Kc7 54. Bc6 Kb8 55. Kd1 Nf1 56. Kc2 Ne3+ 57. Bxe3 fxe3 $14 {[%emt 0:00:03] KB-KB} 58. Kd3 Bd8 59. Kxe3 Bf6 {[%emt 0:02:57] [#]} 60. f4 gxf4+ $11 61. Kf3 Kc7 62. Kg4 Bd8 63. Kf5 Be7 64. Ke6 Bd8 65. Ba4 1/2-1/2

[Event "35th Staufer-Open-A 2025"]
[Site "Schwaebisch Gmuend"]
[Date "2025.01.05"]
[Round "7.12"]
[White "Harshavardhan G B"]
[Black "Gut, Lionel"]
[Result "1-0"]
[ECO "B90"]
[WhiteElo "2405"]
[BlackElo "2152"]
[Annotator "TA"]
[PlyCount "81"]
[EventDate "2024.11.24"]
[EventType "swiss"]
[EventCountry "GER"]
[SourceTitle "playchess.com"]
[Source "ChessBase"]
[SourceQuality "1"]
[TimeControl "40/6000+30:1200+30"]

1. e4 c5 2. Nf3 d6 3. d4 cxd4 4. Nxd4 Nf6 5. Nc3 a6 6. Be3 e5 7. Nb3 Be7 8. Qd2 Be6 9. O-O-O Nbd7 10. f4 Rc8 (10... b5 $11 {deserves consideration.}) 11. f5 $14 Bc4 {[%emt 0:01:34] [#]} 12. g4 $1 Nxg4 13. Rg1 Nxe3 14. Qxe3 Bxf1 15. Rdxf1 Bf8 16. Nd5 Nf6 17. Nxf6+ gxf6 18. Rd1 Qc7 19. c3 h5 {[%emt 0:09:32] ...Bh6 is the strong threat.} 20. Kb1 h4 21. Rg4 Ke7 ({Better is} 21... Bh6 $15 22. Qh3 (22. Rxh4 $2 Bxe3 23. Rxh8+ Ke7 $19) 22... Bf4) 22. Qd3 $11 Bh6 23. Rxh4 Bg5 24. Rxh8 $1 Rxh8 25. h3 b5 26. Na5 Rd8 (26... Qxa5 $2 27. Qxd6+ Ke8 28. b4 $18 (28. Qb8+ Ke7 $18)) (26... d5 27. Qxd5 Rxh3 (27... Qxa5 28. Qc5+ Ke8 29. Qc8+ Ke7 30. Rd7#) 28. a4 $16 (28. Nb7 Kf8 $18)) (26... Kf8 $1 $11 27. Qxd6+ Qxd6 28. Rxd6 Rh4) 27. b4 $16 Rc8 28. Kc2 Bh6 {[%emt 0:01:39] [#]} (28... Bh4 $14) 29. Kb3 ({White should play} 29. h4 $1) 29... Bf8 (29... Bg5 $16) 30. Rc1 (30. a4 $18) 30... Qb8 (30... Bh6 $16 {was worth a try.} 31. Ra1 Bg5) 31. c4 Ke8 (31... Bh6 $16 32. Rd1 Qc7) 32. Rc2 $18 bxc4+ 33. Rxc4 Be7 $2 (33... Rc5) 34. Rxc8+ Qxc8 {[%emt 0:00:02][%mdl 4096] Endgame KQB-KQN} 35. Qc4 Kd7 36. Qxc8+ Kxc8 37. Nc6 Bf8 38. Kc4 {[%emt 0:00:06] and Kd5 should not be overlooked} Kc7 39. Kd5 Bh6 40. h4 Be3 41. Na5 1-0